 Dungeon Crawl Stone Soup version 0.16-a0-3946-g4f19e5c (webtiles) character file.

56 ketsa the Insei (level 3, -2/23 HPs)
             Began as an Octopode Transmuter on Feb 9, 2015.
             Slain by a worm (11 damage)
             ... on level 3 of the Dungeon.
             The game lasted 00:06:24 (1493 turns).

ketsa the Insei (Octopode Transmuter)               Turns: 1493, Time: 00:06:24

Health: -2/23      AC:  2    Str:  9    XL:     3   Next: 97%
Magic:  3/6        EV: 20    Int: 16    God:
Gold:   85         SH:  0    Dex: 17    Spells: 3 memorised, 1 level left

rFire  . . .     SeeInvis .       - Unarmed
rCold  . . .     Clarity  .     (shield currently unavailable)
rNeg   . . .     SustAb   .     (helmet currently unavailable)
rPois  x         Gourm    .     (no amulet)
rElec  .         Spirit   .     (no ring)
rCorr  .         Warding  .     (no ring)
rMut   .         Stasis   .     (no ring)
MR     .....                    (no ring)
Stlth  ++........               (no ring)
                                (no ring)
                                (no ring)
                                (no ring)

@: spider-form, not resistant to hostile enchantments, unstealthy
A: almost no armour, amphibious, 8 rings, (constrict 8), (camouflage 0),
(gelatinous body 0)
a: End Transformation


You were on level 3 of the Dungeon.
You were not hungry.
You were a venomous arachnid creature.
You visited 1 branch of the dungeon, and saw 4 of its levels.

You collected 85 gold pieces.

Inventory:

Missiles
 b - 58 arrows
 e - 6 javelins (quivered)
 j - 32 stones
 k - 11 tomahawks
 m - 19 arrows of flame
Scrolls
 c - a scroll of noise
 f - a scroll of remove curse
 g - a scroll of recharging
 i - 2 scrolls of identify
 p - a scroll of teleportation {unknown}
 r - a scroll of fog {unknown}
 s - 3 scrolls of enchant weapon {unknown}
Potions
 l - a potion of invisibility {unknown}
 n - 2 potions of curing {unknown}
 o - a potion of agility {unknown}
 q - a potion of flight
Books
 d - a book of Changes

   Spells                             Type                      Level
   a - Beastly Appendage              Transmutation                1
   b - Sticks to Snakes               Transmutation                2
   c - Spider Form                    Transmutation/Poison         3
   d - Ice Form                       Ice/Transmutation            4
   e - Blade Hands                    Transmutation                5
Comestibles
 a - a bread ration
 h - 8 chunks of flesh


   Skills:
 - Level 1.0 Fighting
 + Level 2.3 Dodging
 * Level 3.5 Unarmed Combat
 + Level 2.6 Spellcasting
 + Level 2.6 Transmutations
 + Level 0.8 Poison Magic


You had one spell level left.
You knew the following spells:

 Your Spells              Type           Power        Failure   Level  Hunger
a - Beastly Appendage     Trmt           ##....       24%         1    #......
b - Sticks to Snakes      Trmt           ##........   28%         2    ##.....
c - Spider Form           Trmt/Pois      #.........   56%         3    ###....


Dungeon Overview and Level Annotations

Branches:
Dungeon (4/15)
 Temple: D:4-7

Altars:


Innate Abilities, Weirdness & Mutations

You cannot wear most types of armour.
You are amphibious.
You can wear up to eight rings at the same time.
((You can use your tentacles to constrict many enemies at once.))
((Your skin changes colour to match your surroundings (Stealth).))
((Your rubbery body absorbs attacks (AC +1).))


Message History

You kill the bat!
Wield which item (- for none, * to show all)? (? for menu, Esc to quit)
b - 58 arrows (in tentacle)
Casting: Sticks to Snakes
Confirm with . or Enter, or press ? or * to list all spells.
You turn into a venomous arachnid creature.
Your 58 arrows fall away!
You are now empty-handed.
You barely miss the worm. The worm closely misses you.
You bite the worm!
The worm is moderately wounded.
You barely miss the worm.
The worm is moderately wounded.
The worm bites you!
Ouch! That really hurt!
You hit the worm.
The worm is poisoned.
The worm is heavily wounded.
You hit the worm but do no damage.
The worm is heavily wounded.
The worm bites you!
You die...

..# #.##.# # #.#...
..... #.#..###### #.....
##.#.......# #.....[
###..........# #.......
#^...........####.......
#....................#
#.........ws.........###
###...............[....+
#......##..........###
#......##............#
#......##............#
#......######...#....#
....##.######...#....# .
g..#............###### .
...........#### .


You could see a worm.

Vanquished Creatures
  An adder (D:4)
  A worm (D:3)
  An orc (D:4)
  3 bats
  A bat zombie (D:4)
  A giant cockroach (D:1)
  6 goblins
  3 hobgoblins
  5 kobolds (D:1)
  A quokka (D:3)
  8 jackals
  7 rats
38 creatures vanquished.

Vanquished Creatures (collateral kills)
  A giant newt (D:3)
1 creature vanquished.

Grand Total: 39 creatures vanquished

Notes
Turn   | Place    | Note
--------------------------------------------------------------
     0 | D:1      | ketsa, the Octopode Transmuter, began the quest for the Orb.
     0 | D:1      | Reached XP level 1. HP: 13/13 MP: 3/3
   204 | D:1      | Reached XP level 2. HP: 18/18 MP: 2/4
   211 | D:1      | Learned a level 2 spell: Sticks to Snakes
   833 | D:1      | Reached XP level 3. HP: 20/23 MP: 4/6
   991 | D:2      | You fall through a shaft for 2 floors!
  1034 | D:4      | Learned a level 3 spell: Spider Form
  1493 | D:3      | Slain by a worm

Action                   || total
-------------------------++-------
Melee: Unarmed           ||    92
Throw: Javelin           ||     2
 Cast: Beastly Appendage ||    15
       Sticks to Snakes  ||     3
       Spider Form       ||     1
  Use: Scroll            ||     5
 Stab: Sleeping          ||     1
  Eat: Chunk             ||     2
